 Seeded DCSS version 0.27.1-35-g4d5d836560 (webtiles) character file.

Game seed: 1 (custom seed)

11 xaos the Conjurer (level 2, 0/19 HPs)
             Began as a Human Conjurer on Mar 30, 2022.
             Slain by a quokka (3 damage)
             ... on level 1 of the Dungeon.
             The game lasted 00:01:29 (397 turns).

xaos the Conjurer (Human Conjurer)                   Turns: 397, Time: 00:01:30

Health: 0/19       AC:  2    Str:  7    XL:     2   Next: 35%
Magic:  5/5        EV: 12    Int: 18    God:
Gold:   18         SH:  0    Dex: 11    Spells: 4/5 levels left

rFire    . . .     SeeInvis .   b - +1 short sword
rCold    . . .     Faith    .   (no shield)
rNeg     . . .     Spirit   .   a - +0 robe
rPois    .         Reflect  .   (no helmet)
rElec    .         Harm     .   (no cloak)
rCorr    .         Rampage  .   (no gloves)
Will     .....                  (no boots)
Stlth    ++........             (no amulet)
HPRegen  0.06/turn              (no ring)
MPRegen  0.09/turn              (no ring)

@: no status effects
A: no striking features
a: no special abilities


You were on level 1 of the Dungeon.
You visited 1 branch of the dungeon, and saw 1 of its levels.

You collected 18 gold pieces.

Inventory:

Hand Weapons
 b - a +1 short sword (weapon)
Armour
 a - a +0 robe (worn)


   Skills:
 + Level 2.0 Dodging
 + Level 2.1 Stealth
 + Level 2.1 Spellcasting
 + Level 4.4 Conjurations


You had 4 spell levels left.
You knew the following spells:

 Your Spells              Type           Power      Damage    Failure   Level
a - Magic Dart            Conj           68%        1d6       3%          1

Your spell library contained the following spells:

 Spells                   Type           Power      Damage    Failure   Level
 Searing Ray              Conj           34%        3d4       4%          2
 Dazzling Flash           Conj/Hex       18%        N/A       22%         3
 Fulminant Prism          Conj/Hex       4%         3d6       58%         4
 Iskenderun's Mystic Bla  Conj/Tloc      9%         2d4       58%         4


Dungeon Overview and Level Annotations

Branches:
Dungeon (1/15)

Altars:


Message History

You closely miss the giant cockroach. The giant cockroach misses you.
You barely miss the giant cockroach. The giant cockroach misses you.
You closely miss the giant cockroach.
The giant cockroach bites you but does no damage.
The giant cockroach closely misses you.
You barely miss the giant cockroach. The giant cockroach bites you.
You hit the giant cockroach.
The giant cockroach is heavily wounded.
The giant cockroach bites you but does no damage.
You hit the giant cockroach.
You kill the giant cockroach!
You see here a giant cockroach corpse.
You start resting.
HP restored.
A quokka comes into view.
The quokka closely misses you.
You closely miss the quokka. The quokka barely misses you. x2
You barely miss the quokka. The quokka bites you.
You hit the quokka.
You kill the quokka!
A quokka comes into view.
The quokka bites you.
You hit the quokka.
The quokka is moderately wounded.
The quokka bites you. x2
You hit the quokka but do no damage.
The quokka is moderately wounded.
The quokka bites you.
* * * LOW HITPOINT WARNING * * *
You barely miss the quokka.
The quokka is moderately wounded.
The quokka bites you.
* * * LOW HITPOINT WARNING * * *
You barely miss the quokka.
The quokka is moderately wounded.
The quokka barely misses you. The quokka closely misses you.
You hit the quokka but do no damage.
The quokka is moderately wounded.
The quokka bites you.
You die...

#.# #.# #.......†.###### #.#
#.###.#.#...........
#.########.##....############
#................#
####.########...##
#.........#.## #..######.#.#
#..# #.#.# ###### #..# #@#..
...... #..# #r#.# ###.## #..#
..... #.... #... ......
#....## ##.# ##..##. ##..
#..# #. #.. #..# .. ... ...#
## ##


You could see a quokka.

Vanquished Creatures
  An endoplasm (D:1)
  3 giant cockroaches (D:1)
  A goblin (D:1)
  A quokka (D:1)
  2 kobolds (D:1)
  A rat (D:1)
9 creatures vanquished.

Notes
Turn   | Place    | Note
-------+----------+-------------------------------------------
     0 | D:1      | xaos the Human Conjurer began the quest for the Orb.
     0 | D:1      | Reached XP level 1. HP: 13/13 MP: 3/3
   135 | D:1      | Reached XP level 2. HP: 13/19 MP: 3/5
   397 | D:1      | Slain by a quokka

Illustrated notes

Levels and vault maps discovered:
D:1:      co_arrival_square_in_a_square_in_a_square, layout_loops_ring,
          serial_shops, nicolae_shop_temple_entry_statues_fountains

Action                   || total
-------------------------++-------
Melee: Short sword       ||    39
 Cast: Magic Dart        ||     3
  Use: Scroll            ||     1
 Stab: Sleeping          ||     2
Armor: Robe              ||     4
Dodge: Dodged            ||    27
